 Dungeon Crawl Stone Soup version 0.25-a0-544-gee0576305d (webtiles) character file.

Game seed: 15343718225148449508, levelgen mode: classic

276276 EnegeticOcto the Champion of Chaos (level 19, -18/188 HPs)
             Began as a Deep Dwarf Fighter on Feb 20, 2020.
             Was the Champion of Makhleb.
             Killed from afar by an ancient lich (62 damage)
             ... with an iron shot
             ... on level 5 of the Vaults.
             The game lasted 00:19:50 (16471 turns).

EnegeticOcto the Champion of Chaos (DDFi)          Turns: 16471, Time: 00:19:51

Health: -18/188    AC: 34    Str: 34    XL:     19   Next: 57%
Magic:  0/14       EV:  9    Int:  9    God:    Makhleb [******]
Gold:   986        SH: 27    Dex: 16    Spells: 18/18 levels left

rFire    + . .     SeeInvis .   a - +9 broad axe
rCold    + + +     Gourm    .   t - +0 tower shield (curse)
rNeg     + + .     Faith    .   B - +5 gold dragon scales
rPois    +         Spirit   .   P - +2 helmet
rElec    +         Reflect  +   R - scarf {rC+ rF+}
rCorr    .         Harm     .   V - +2 pair of gloves {Str+3}
MR       ++...                  b - +1 pair of boots
Stlth    ..........             y - +3 amulet of reflection
HPRegen  0.00/turn              H - ring of positive energy
MPRegen  0.14/turn              x - ring of Coidwim {Ice rElec Str+3 Dex+4}

@: marked, very slightly contaminated, non-regenerating, slowed, very slow
A: damage resistance, heal wounds, negative energy resistance 1, sense
surroundings 3, no regeneration
}: 2/15 runes: serpentine, barnacled
a: Heal Wounds, Minor Destruction, Lesser Servant of Makhleb, Major Destruction,
Greater Servant of Makhleb, Renounce Religion


You were on level 5 of the Vaults.
You worshipped Makhleb.
Makhleb was exalted by your worship.
You were not hungry.

You visited 7 branches of the dungeon, and saw 32 of its levels.
You also visited: Bailey and Ice Cave.

You collected 1922 gold pieces.
You spent 936 gold pieces at shops.

Inventory:

Hand Weapons
 a - a +9 broad axe (weapon)
 g - a +3 broad axe
Missiles
 C - 4 throwing nets (quivered)
Armour
 b - a +1 pair of boots (worn)
 t - a cursed +0 tower shield (worn)
 B - +5 gold dragon scales (worn)
 K - the +6 plate armour of the Tick {rPois}
   (You bought it in a shop on level 10 of the Dungeon)

   It protects you from poison.
   If you switch to wearing this armour, your AC will decrease by 2 (34 -> 32).
 P - a +2 helmet (worn)
 R - a scarf of resistance (worn)
 V - a +2 pair of gloves of strength (worn)
Jewellery
 x - the ring of Coidwim (right hand) {Ice rElec Str+3 Dex+4}
   (You found it on level 8 of the Dungeon)

   [ring of ice]

   It enhances your ice magic.
   It affects your strength (+3).
   It affects your dexterity (+4).
   It makes you vulnerable to fire.
   It protects you from cold.
   It insulates you from electricity.
 y - a +3 amulet of reflection (around neck)
 H - a ring of positive energy (left hand)
 N - an uncursed ring of protection from fire
 W - an uncursed ring of resist corrosion
Wands
 d - a wand of iceblast (22)
 q - a wand of acid (3) {@v1}
 A - a wand of disintegration (51)
 G - a wand of digging (10) {@v2}
 I - a wand of enslavement (14)
 O - a wand of paralysis (29)
Scrolls
 c - a scroll of enchant weapon
 f - 2 scrolls of blinking {@r3}
 p - a scroll of identify {@r1}
 r - a scroll of immolation {@r4}
 v - 10 scrolls of teleportation {@r2}
 z - 7 scrolls of remove curse {@r6}
 J - 4 scrolls of summoning
 L - 2 scrolls of magic mapping {@r5}
 Q - a scroll of amnesia
 T - a scroll of fear
Potions
 h - 8 potions of lignification {@q7}
 i - 5 potions of cancellation
 j - 5 potions of stabbing {@q5}
 k - a potion of might {@q3}
 l - a potion of berserk rage
 m - 3 potions of resistance {@q6}
 n - 3 potions of haste {@q4}
 o - 6 potions of curing {@q1}
 u - 12 potions of heal wounds {@q2}
 w - 2 potions of ambrosia
 E - 3 potions of flight
Miscellaneous
 D - a phantom mirror
Comestibles
 e - 36 rations


   Skills:
 * Level 15.7 Fighting
 * Level 18.1 Axes
 + Level 13.7 Armour
 - Level 5.4 Dodging
 * Level 17.6 Shields
 * Level 22.1 Invocations


You had 18 spell levels left.
You didn't know any spells.
Your spell library was empty.

Dungeon Overview and Level Annotations

Branches:
Dungeon (15/15)            Temple (1/1) D:5            Lair (2/6) D:10
 Shoals (4/4) Lair:2        Snake (4/4) Lair:2          Orc (1/2) D:9
 Vaults (5/5) D:14          Crypt (0/3) Vaults:2     Depths (0/5) D:15
 Bailey (visited)           IceCv (visited)

Altars:
Ashenzari
Cheibriados
Dithmenos
Elyvilon
Fedhas
Gozag
Hepliaklqana
Kikubaaqudgha
Makhleb
Nemelex Xobeh
Okawaru
Qazlal
Ru
Trog
Uskayaw
Vehumet
Wu Jian
Xom
Yredelemnul
Zin
The Shining One

Shops:
D:10 [   D:14 }[[%[   Snake:1 =

Annotations:
D:12 1 runed translucent door, Kuulis's ghost, journeyman GrGl
Shoals:4 exclusion: 2 oklob plants


Innate Abilities, Weirdness & Mutations

You are resistant to damage.
You can heal yourself by infusing magical energy.
You resist negative energy. (rN+)
You passively map a large area around you.
You do not regenerate.


Message History

The tentacled monstrosity tentacle-slaps you.
The tentacled monstrosity constricts you.
You hear some strange, mumbled words.
The sea snake is engulfed in blazing flames.
The sea snake bites you.
You slice the tentacled monstrosity!!
You kill the tentacled monstrosity!
Makhleb accepts your kill.
You completely miss something. You closely miss something.
You hit the Tzitzimitl but do no damage.
You hit the shadow dragon but do no damage.
You hit the two-headed ogre.
Your gold dragon scales prevents you from hitting the sea snake.
Your gold dragon scales prevents you from hitting the vault guard.
You are engulfed in blazing flames.
You resist.
You are no longer corroded.
The Tzitzimitl is engulfed in blazing flames.
The Tzitzimitl gestures at you.
You are unaffected.
You block the two-headed ogre's attack.
The two-headed ogre hits you but does no damage.
You block the shadow dragon's attack. x3; Something hits you.
You feel your power leaking away. The vault guard misses you.
The sea snake is engulfed in blazing flames.
The sea snake barely misses you.
Something touches you but does no damage.
Your green death hits the sea snake!!
The sea snake dies!
Makhleb accepts your kill.
The Tzitzimitl is engulfed in blazing flames.
The Tzitzimitl engulfs you but does no damage.
You block the Tzitzimitl's attack.
Your shield and gold dragon scales prevent you from hitting the Tzitzimitl.
The Tzitzimitl is moderately wounded.
You hit something. You barely miss something. You hit the vault warden.
You closely miss the vault guard. You hit the ogre mage but do no damage.
You slice the two-headed ogre!! You slash the shadow dragon!
You are engulfed in blazing flames.
You resist.
The shadow dragon no longer looks unusually strong.
You block the shadow dragon's attack. x3; You block something's attack.
Something touches you but does no damage.
The two-headed ogre hits you but does no damage.
The two-headed ogre closely misses you.
The ogre mage is engulfed in blazing flames.
You block the ogre mage's attack.
Your green death hits the ogre mage.
The vault guard hits you but does no damage.
The Tzitzimitl is engulfed in blazing flames.
The Tzitzimitl calls on the powers of darkness!
The shadow dragon convulses!
Your body is wracked with pain!
The two-headed ogre convulses!
The vault guard convulses! x2
The vault warden convulses!
The ogre mage convulses!
The two-headed ogre convulses!
The ogre convulses!
The two-headed ogre convulses! x2; The ironbrand convoker convulses!
You are too injured to fight recklessly!
You are too injured to fight recklessly!
You are too injured to fight recklessly!
You are too injured to fight recklessly!
You are too injured to fight recklessly!
You are too injured to fight recklessly!
You are too injured to fight recklessly!
You are too injured to fight recklessly!
You are too injured to fight recklessly!
You slice the vault warden!!
The vault warden is almost dead.
You barely miss something. You closely miss something.
You slice the Tzitzimitl!! You hit the shadow dragon.
You slash the two-headed ogre! You hit the ogre mage.
You hit the vault guard but do no damage.
The runic seals fade away.
You are engulfed in blazing flames.
You resist.
* * * LOW HITPOINT WARNING * * *
You block the shadow dragon's attack. x2
The shadow dragon claws you but does no damage.
Something hits you but does no damage.
Something touches you but does no damage.
The vault warden hits you with a +3 battleaxe!!
* * * LOW HITPOINT WARNING * * *
Your green death gestures at the two-headed ogre.
The bolt of poison misses the ogre mage.
The bolt of poison hits the two-headed ogre!!
The two-headed ogre dies!
The two-headed ogre's corpse dissolves into shadows!
The bolt of poison misses the Tzitzimitl.
The Tzitzimitl is engulfed in blazing flames.
The Tzitzimitl calls on the powers of darkness!
The shadow dragon convulses!
Your body is wracked with pain!
* * * LOW HITPOINT WARNING * * *
The vault guard convulses! x2; The vault warden convulses!
The ogre mage convulses!
The two-headed ogre convulses!
The ogre convulses!
The two-headed ogre convulses! x2; The ironbrand convoker convulses!
The ogre mage casts a spell at the ogre.
The ogre seems to speed up.
You feel much better.
You are engulfed in blazing flames.
You resist.
* * * LOW HITPOINT WARNING * * *
You block the shadow dragon's attack. x2
The shadow dragon claws you but does no damage.
Something hits you.
You hear some strange, mumbled words.
An iron shot appears from out of thin air!
The iron shot hits you!!!
You die...

(...).#.|[# #...^# ##...(.#*, ,
###(..')}:# #.%%.# ,##)).## ,
..#...#[).# #....#, ..))..# *
..#...#####.,#....##.)..#..L# *
, ..#.........
#....##))(##...p# ,
'##..........#..))#().#*,......
, ..............§§1)(%)#
,.##...#
############..○D1{%[####
##*#### ,, , ...(%☼p@{p)(.... ,
, ....%OOOpO%.%... ,
,,.....2pO.%%.%.... , , ,,
..............%.., , , *
###...%%..?########## * ,
%.......%.(§§CD§....,, ,
....#.%..#.###{#e#.##* , ,
....#.%..#.. ,D#,*, * , ,# #C *
p# * *,


You could see a shadow dragon, 2 Tzitzimimeh, a vault warden, 2 vault guards, 3
two-headed ogres, an ogre mage, an ironbrand convoker, an ogre and a friendly
green death.

Vanquished Creatures
  An ancient lich (Vaults:5)
  A golden dragon (Vaults:5)
  2 tentacled monstrosities (Vaults:5)
  2 titans (Vaults:5)
  A quicksilver dragon (Vaults:5)
  A sphinx (Vaults:5)
  Agnes (D:15)
  3 storm dragons (Vaults:5)
  5 shadow dragons (Vaults:5)
  3 nagarajas (Snake:4)
  2 tengu reavers (Vaults:5)
  2 deep elf sorcerers (Vaults:5)
  A frost giant (D:12)
  8 vault wardens
  Aizul (Snake:1)
  An emperor scorpion (D:15)
  Louise (Shoals:3)
  5 ironheart preservers
  A ghoul (Vaults:2)
  3 very ugly things (Vaults:5)
  7 stone giants
  A vampire knight (Vaults:2)
  2 deep elf demonologists (Vaults:5)
  A deep elf annihilator (Vaults:5)
  Azrael (Snake:3)
  A dire elephant (D:15)
  4 merfolk javelineers (Shoals:4)
  4 ettins (Vaults:5)
  12 merfolk impalers
  2 blizzard demons (IceCv)
  A fire dragon (D:13)
  A deep elf high priest (Vaults:5)
  7 yaktaur captains
  6 ogre magi
  A great orb of eyes (Vaults:1)
  33 vault guards
  10 naga warriors
  2 merfolk avatars (Shoals:4)
  2 death knights
  8 anacondas
  5 merfolk aquamancers
  3 centaur warriors
  19 two-headed ogres
  Erica (D:11)
  A tengu warrior (D:14)
  2 alligator snapping turtles (Shoals:4)
  7 naga sharpshooters
  3 shock serpents
  Nergalle (Orc:1)
  A flayed ghost (Vaults:5)
  7 sea snakes
  An unseen horror (shapeshifter) (Vaults:2)
  4 salamander mystics
  A deep troll (Vaults:5)
  2 wizards
  7 ironbrand convokers
  5 unseen horrors
  6 naga ritualists
  3 phantasmal warriors
  A glowing orange brain (Vaults:3)
  9 orc knights
  A deep elf archer (Vaults:4)
  A mana viper (shapeshifter) (Vaults:5)
  5 harpies
  2 deep elf magi
  7 salamanders
  5 mana vipers
  9 cyclopes
  26 ugly things
  Joseph (D:7)
  4 manticores
  Maurice (D:9)
  5 centaur zombies
  16 black mambas
  6 merfolk sirens
  8 guardian serpents
  9 naga magi
  An ice statue (IceCv)
  3 water nymphs
  4 vault sentinels
  A kobold demonologist (D:12)
  A komodo dragon (Lair:2)
  5 ice devils (IceCv)
  16 yaktaurs
  2 anaconda simulacra (IceCv)
  An efreet (D:15)
  7 freezing wraiths
  A tengu conjurer (D:14)
  8 trolls
  A queen bee (shapeshifter) (Vaults:5)
  18 merfolk
  A raiju (shapeshifter) (D:14)
  4 wind drakes
  3 hornets
  4 dream sheep (Shoals:4)
  A hippogriff (shapeshifter) (D:15)
  4 hippogriffs
  7 slime creatures
  8 blink frogs
  5 snapping turtles
  3 shadows
  3 wraiths
  2 dire elephant simulacra (IceCv)
  A vampire (D:15)
  A spriggan (D:7)
  A wyvern (D:13)
  A fire elemental (Snake:3)
  A human (shapeshifter) (Vaults:2)
  A tarantella (shapeshifter) (Vaults:2)
  A basilisk (D:14)
  6 water elementals
  A yak (shapeshifter) (Vaults:2)
  3 hungry ghosts
  13 yaks
  2 death yak simulacra (IceCv)
  9 vampire mosquitoes
  Menkaure (D:5)
  A warg (Vaults:1)
  2 harpy simulacra (IceCv)
  5 iron troll simulacra (IceCv)
  An acid dragon (Vaults:1)
  32 nagas
  An insubstantial wisp (Lair:2)
  3 soldier ants
  3 hydra simulacra (IceCv)
  A water moccasin (Lair:2)
  3 hell hounds (Snake:3)
  Duvessa (D:6)
  A porcupine (D:10)
  3 black bears
  19 orc warriors
  An eye of draining (shapeshifter) (Vaults:5)
  4 sky beasts
  5 ice beasts
  5 phantoms
  An ettin simulacrum (IceCv)
  8 centaurs
  2 eyes of draining
  13 ogres
  2 big kobolds
  A bullfrog (shapeshifter) (Vaults:5)
  7 bullfrogs
  Dowan (D:6)
  A wyvern skeleton (D:14)
  8 scorpions
  2 elephant simulacra (IceCv)
  6 killer bees (D:7)
  3 electric eels
  5 howler monkeys
  5 crimson imps
  8 hounds
  A bullfrog zombie (D:13)
  4 draconian simulacra (IceCv)
  A jelly (D:5)
  A bullfrog skeleton (D:12)
  4 centaur skeletons
  9 orc priests
  19 orc wizards
  6 worker ants
  4 iguanas
  A spriggan simulacrum (IceCv)
  4 troll simulacra (IceCv)
  A killer bee zombie (D:7)
  A centaur simulacrum (D:12)
  A hound zombie (D:10)
  3 hound skeletons
  3 worker ant zombies
  7 gnolls
  11 adders
  A river rat (shapeshifter) (Vaults:5)
  2 naga simulacra (IceCv)
  2 ogre simulacra (IceCv)
  4 shadow imps
  2 white imps (IceCv)
  6 ufetubi (IceCv)
  3 adder zombies
  3 worms
  2 dart slugs
  6 leopard geckos
  94 orcs
  3 giant cockroaches
  3 goblins
  6 hobgoblins
  12 jackals
  6 quokkas
  4 ball pythons
  3 bats
  2 frilled lizards (D:3)
  17 kobolds
  2 leopard gecko skeletons
  6 rats
  A fungus (D:10)
  8 plants
945 creatures vanquished.

Vanquished Creatures (collateral kills)
  An ancient lich (Vaults:5)
  A golden dragon (Vaults:5)
  Jorgrun (Orc:1)
  A fire giant (Vaults:5)
  A storm dragon (Vaults:5)
  2 vault wardens (Vaults:5)
  A deep elf elementalist (Vaults:5)
  2 ironheart preservers (Vaults:5)
  A very ugly thing (Vaults:5)
  A merfolk javelineer (Shoals:4)
  An ettin (Vaults:5)
  A deep elf high priest (Vaults:5)
  An ogre mage (Vaults:5)
  3 vault guards (Vaults:5)
  2 hydras
  2 anacondas
  A naga warrior (Snake:1)
  A merfolk aquamancer (Shoals:4)
  A two-headed ogre (D:15)
  A centaur warrior (D:15)
  A sea snake (Shoals:4)
  A sea snake (shapeshifter) (Vaults:5)
  A naga ritualist (Snake:4)
  A lindwurm (shapeshifter) (Vaults:5)
  2 ironbrand convokers (Vaults:5)
  An orc knight (Bailey)
  6 harpies
  An ugly thing (Vaults:5)
  A salamander (Snake:4)
  2 manticores (Shoals:4)
  A guardian serpent (Snake:1)
  A merfolk siren (Shoals:4)
  2 black mambas
  A vault sentinel (Vaults:5)
  A water nymph (Shoals:4)
  2 yaktaurs (Vaults:5)
  6 merfolk
  A wind drake (Shoals:4)
  A hornet (Vaults:5)
  2 snapping turtles (Shoals:4)
  A tarantella (shapeshifter) (Vaults:5)
  3 water elementals
  A human (shapeshifter) (D:15)
  6 nagas (Snake:4)
  4 orc warriors
  A water moccasin skeleton (D:8)
  A jelly (D:15)
  An orc wizard (Orc:1)
  A worker ant (D:8)
  7 orcs (Bailey)
  A plant (Shoals:4)
88 creatures vanquished.

Vanquished Creatures (others)
  A stone giant (Vaults:5)
  A yaktaur captain (Vaults:5)
  A hydra (D:12)
  A vault guard (Vaults:5)
  A centaur warrior (D:15)
  A deep elf archer (Vaults:2)
  A cyclops (Shoals:1)
  A manticore (Shoals:4)
  2 naga magi
  5 yaktaurs
  A vampire (D:12)
  A naga (Snake:4)
  An orc warrior (Vaults:1)
  2 centaurs
  An orc wizard (D:7)
  An orc (Orc:1)
  11 plants
33 creatures vanquished.

Grand Total: 1066 creatures vanquished

Notes
Turn   | Place    | Note
-------+----------+-------------------------------------------
     0 | D:1      | EnegeticOcto the Deep Dwarf Fighter began the quest for the
                  | Orb.
     0 | D:1      | Reached XP level 1. HP: 20/20 MP: 1/1
    46 | D:1      | Reached XP level 2. HP: 24/27 MP: 2/2
   218 | D:3      | Reached skill level 1 in Dodging
   218 | D:3      | Reached XP level 3. HP: 26/34 MP: 3/3
   349 | D:3      | Reached XP level 4. HP: 19/42 MP: 3/3
   817 | D:4      | Reached XP level 5. HP: 35/50 MP: 3/3
   913 | D:4      | Reached XP level 6. HP: 44/57 MP: 4/4
  1260 | D:5      | Entered Level 5 of the Dungeon
  1363 | D:5      | Found a staircase to the Ecumenical Temple.
  1373 | Temple   | Entered the Ecumenical Temple
  1547 | Temple   | Became a worshipper of Makhleb the Destroyer
  1644 | D:5      | Reached XP level 7. HP: 58/66 MP: 3/3
  1680 | D:5      | Reached skill level 1 in Invocations
  1714 | D:5      | Noticed Menkaure
  1731 | D:5      | Killed Menkaure
  1731 | D:5      | Reached skill level 5 in Axes
  1731 | D:5      | Reached skill level 2 in Invocations
  2146 | D:6      | Reached skill level 5 in Fighting
  2220 | D:6      | Reached skill level 3 in Invocations
  2232 | D:6      | Noticed Dowan
  2233 | D:6      | Noticed Duvessa
  2239 | D:6      | Killed Duvessa
  2239 | D:6      | Reached skill level 5 in Shields
  2239 | D:6      | Reached XP level 8. HP: 61/74 MP: 4/4
  2243 | D:6      | Killed Dowan
  2243 | D:6      | Reached skill level 5 in Armour
  2270 | D:6      | Reached skill level 4 in Invocations
  2384 | D:6      | Reached * piety under Makhleb
  2997 | D:7      | Noticed Joseph
  3027 | D:7      | Killed Joseph
  3027 | D:7      | Reached skill level 5 in Invocations
  3061 | D:7      | Gained mutation: You passively map the area around you.
                  | [Deep Dwarf growth]
  3061 | D:7      | Reached XP level 9. HP: 49/82 MP: 7/7
  3201 | D:7      | Found an iron altar of Okawaru.
  3269 | D:7      | Reached skill level 6 in Invocations
  3314 | D:7      | Reached ** piety under Makhleb
  3661 | D:8      | Got a scintillating ivory ring
  3662 | D:8      | Identified the ring of Coidwim {Ice rElec Str+3 Dex+4} (You
                  | found it on level 8 of the Dungeon)
  3689 | D:8      | Reached skill level 7 in Invocations
  3735 | D:8      | You fall into a shaft and drop 1 floor!
  3753 | D:9      | Found a staircase to the Orcish Mines.
  3776 | D:9      | Reached skill level 5 in Dodging
  3965 | D:9      | Noticed Maurice
  3975 | D:9      | Reached *** piety under Makhleb
  3992 | D:8      | Reached XP level 10. HP: 94/94 MP: 4/4
  4544 | D:9      | Killed Maurice
  4689 | D:9      | Reached skill level 8 in Invocations
  4765 | D:9      | Found a bloodstained altar of Trog.
  4765 | D:9      | Found a shimmering altar of Xom.
  5100 | D:10     | Entered Level 10 of the Dungeon
  5279 | D:10     | Noticed a centaur warrior
  5297 | D:10     | Killed a centaur warrior
  5297 | D:10     | Reached skill level 9 in Invocations
  5406 | D:10     | Found Gipna's Antique Armour Shoppe.
  5594 | D:10     | Found a staircase to the Lair.
  5749 | Orc:1    | Entered Level 1 of the Orcish Mines
  5802 | Orc:1    | Noticed Nergalle
  5834 | Orc:1    | Killed Nergalle
  5887 | Orc:1    | Noticed Jorgrun
  5902 | Orc:1    | Killed Jorgrun
  5902 | Orc:1    | Reached XP level 11. HP: 45/103 MP: 5/5
  6071 | D:10     | Bought a faintly humming plate armour for 672 gold pieces
  6081 | D:10     | Identified the +6 plate armour of the Tick {rPois} (You
                  | bought it in a shop on level 10 of the Dungeon)
  6274 | D:11     | Found a flagged portal.
  6280 | Bailey   | Entered a bailey
  6310 | Bailey   | Reached **** piety under Makhleb
  6411 | Bailey   | Noticed an orc knight
  6429 | Bailey   | Killed an orc knight
  6429 | Bailey   | Reached skill level 10 in Invocations
  6460 | Bailey   | Noticed an orc knight
  6460 | Bailey   | Noticed an orc knight
  6465 | Bailey   | Noticed an orc knight
  6466 | Bailey   | Killed an orc knight
  6467 | Bailey   | Noticed an orc knight
  6472 | Bailey   | Killed an orc knight
  6478 | Bailey   | Killed an orc knight
  6479 | Bailey   | Killed an orc knight
  6564 | D:11     | Reached skill level 10 in Axes
  6566 | D:11     | Identified a scroll of acquirement
  6566 | D:11     | Identified the +2 broad axe "Beastslayer" {flame, Str+2
                  | Dex+4} (You acquired it on level 11 of the Dungeon)
  6566 | D:11     | Identified the -7 pair of gloves of the Hot Ocelot {+Inv
                  | rC+} (You acquired it on level 11 of the Dungeon)
  6721 | D:11     | You fall into a shaft and drop 1 floor!
  6723 | D:12     | Found a runed translucent door.
  6724 | D:12     | Noticed Kuulis's ghost (journeyman GrGl)
  6812 | D:12     | Killed an unseen horror
  6812 | D:12     | Reached skill level 11 in Invocations
  6903 | D:12     | Noticed a green ugly thing
  6910 | D:12     | Killed a green ugly thing
  7082 | D:12     | Reached ***** piety under Makhleb
  7208 | D:11     | Noticed Erica
  7231 | D:11     | Killed Erica
  7231 | D:11     | Reached XP level 12. HP: 111/114 MP: 5/5
  8133 | D:12     | Found a runed translucent door.
  8266 | D:12     | Reached skill level 12 in Invocations
  8285 | D:12     | Noticed a six-headed hydra
  8287 | D:12     | Noticed a centaur warrior
  8288 | D:12     | Noticed a frost giant
  8292 | D:12     | Killed a six-headed hydra
  8293 | D:12     | Killed a centaur warrior
  8311 | D:12     | Killed a frost giant
  8417 | D:13     | Reached skill level 10 in Shields
  8437 | D:13     | Reached skill level 13 in Invocations
  8511 | D:13     | Noticed a fire dragon
  8539 | D:13     | Noticed a six-headed hydra
  8783 | D:13     | Killed a fire dragon
  8792 | D:13     | Reached skill level 10 in Fighting
  8803 | D:13     | Killed a ten-headed hydra
  8974 | D:13     | Noticed a centaur warrior
  8983 | D:13     | Killed a centaur warrior
  8983 | D:13     | Reached skill level 14 in Invocations
  9262 | D:14     | Reached XP level 13. HP: 123/123 MP: 8/8
  9329 | D:14     | Found Qudul's Armour Shop.
  9406 | D:14     | Found Louhikey's Antique Armour Boutique.
  9406 | D:14     | Found Dosken's Antique Armour Emporium.
  9415 | D:14     | Bought a runed scarf for 264 gold pieces
  9477 | D:14     | Found Bipa's Gadget Shoppe.
  9600 | D:14     | Found Bitteg's Food Emporium.
  9765 | D:14     | Found a gate to the Vaults.
  9787 | D:14     | Reached skill level 15 in Invocations
 10004 | D:15     | Entered Level 15 of the Dungeon
 10017 | D:15     | Noticed Agnes
 10039 | D:15     | Killed Agnes
 10039 | D:15     | Reached skill level 16 in Invocations
 10263 | D:15     | Reached ****** piety under Makhleb
 10314 | D:15     | Found a staircase to the Depths.
 10314 | D:15     | Noticed a dire elephant
 10315 | D:15     | Noticed an emperor scorpion
 10335 | D:15     | Killed a dire elephant
 10335 | D:15     | Gained mutation: You resist negative energy. (rN+) [Deep
                  | Dwarf growth]
 10335 | D:15     | Reached XP level 14. HP: 135/135 MP: 11/11
 10345 | D:15     | Killed an emperor scorpion
 10426 | D:15     | Reached skill level 10 in Armour
 10430 | D:15     | Reached skill level 17 in Invocations
 10995 | Lair:1   | Entered Level 1 of the Lair of Beasts
 11149 | Lair:2   | Found a staircase to the Snake Pit.
 11573 | Lair:2   | Found a staircase to the Shoals.
 11656 | Snake:1  | Entered Level 1 of the Snake Pit
 11807 | Snake:1  | Found Utosar's Jewellery Emporium.
 11891 | Snake:1  | Noticed Aizul
 11919 | Snake:1  | Killed Aizul
 12129 | Snake:3  | Noticed Azrael
 12138 | Snake:3  | Killed Azrael
 12207 | Snake:3  | Reached skill level 18 in Invocations
 12212 | Snake:3  | Reached XP level 15. HP: 120/144 MP: 11/13
 12434 | Snake:4  | Entered Level 4 of the Snake Pit
 12510 | Snake:4  | Found a frozen archway.
 12546 | IceCv    | Entered an ice cave
 13343 | Snake:4  | Noticed a nagaraja
 13344 | Snake:4  | Noticed a nagaraja
 13355 | Snake:4  | Killed a nagaraja
 13357 | Snake:4  | Killed a nagaraja
 13367 | Snake:4  | Reached XP level 16. HP: 91/154 MP: 13/13
 13384 | Snake:4  | Reached skill level 19 in Invocations
 13389 | Snake:4  | Reached skill level 15 in Axes
 13421 | Snake:4  | Got a serpentine rune of Zot
 13692 | Shoals:1 | Entered Level 1 of the Shoals
 14005 | Shoals:3 | Noticed Louise
 14014 | Shoals:3 | Killed Louise
 14097 | Shoals:4 | Entered Level 4 of the Shoals
 14429 | Shoals:4 | Reached skill level 15 in Shields
 14459 | Shoals:4 | Identified the +8 plate armour of Divine Compulsion {rN+
                  | Dex-2 Stlth+}
 14717 | Shoals:4 | Reached XP level 17. HP: 120/165 MP: 11/11
 14733 | Shoals:4 | Got a barnacled rune of Zot
 15046 | Vaults:1 | Entered Level 1 of the Vaults
 15062 | Vaults:1 | Reached skill level 20 in Invocations
 15671 | Vaults:2 | Found a staircase to the Crypt.
 15963 | Vaults:4 | Gained mutation: You passively map a large area around you.
                  | [Deep Dwarf growth]
 15963 | Vaults:4 | Reached XP level 18. HP: 176/176 MP: 13/13
 16035 | Vaults:5 | Entered Level 5 of the Vaults
 16079 | Vaults:5 | Noticed an ancient lich
 16085 | Vaults:5 | Noticed a Tzitzimitl
 16113 | Vaults:5 | Reached skill level 21 in Invocations
 16116 | Vaults:5 | Noticed a golden dragon
 16126 | Vaults:5 | Killed a golden dragon
 16160 | Vaults:5 | Noticed an ancient lich
 16173 | Vaults:5 | Noticed an ancient lich
 16174 | Vaults:5 | Killed an ancient lich
 16190 | Vaults:5 | Killed an ancient lich
 16190 | Vaults:5 | Reached skill level 15 in Fighting
 16201 | Vaults:5 | Noticed a golden dragon
 16217 | Vaults:5 | Noticed a Hell Sentinel
 16218 | Vaults:5 | Killed a golden dragon
 16426 | Vaults:5 | Noticed a tentacled monstrosity
 16437 | Vaults:5 | Identified the ring "Bylym" {Fire +Blink +Fly MR+ Dex-2}
 16438 | Vaults:5 | Identified the +0 buckler "Wead" {Int+6 Dex+4}
 16438 | Vaults:5 | Identified the +2 executioner's axe "Spiderbane" {vorpal,
                  | rPois Str+3 Int+2 Stlth+}
 16441 | Vaults:5 | Reached XP level 19. HP: 138/186 MP: 13/13
 16451 | Vaults:5 | Reached skill level 22 in Invocations
 16463 | Vaults:5 | Noticed a Tzitzimitl
 16468 | Vaults:5 | Noticed a Tzitzimitl
 16471 | Vaults:5 | Killed from afar by an ancient lich

Levels and vault maps discovered:
D:1:      dpeg_arrival_simpleton_c, layout_basic
D:2:      layout_basic, lemuel_blue_sif_altar
D:3:      layout_rooms, first_ration
D:4:      layout_rooms
D:5:      layout_cave_pools, minmay_temple_entry_large_hall,
          minmay_misc_feat_rows, uniq_menkaure
D:6:      layout_loops_ring, uniq_duvessa
D:7:      layout_rooms, overflow_temple_1_default, the_bakery,
          columned_hall_lemuel, uniq_joseph
D:8:      layout_basic
D:9:      layout_roguey, grunt_temple_overflow_open, orc_david_3,
          hangedman_glass_teeth, uniq_maurice
D:10:     layout_basic, grunt_lair_entry_orc_guard_hut, serial_shops,
          nicolae_shop_stone
D:11:     layout_grid_maze, enter_bailey_2, uniq_erica
D:12:     layout_loops_ring, gammafunk_ghost_grave, lightli_airlock
D:13:     layout_small_grid, minmay_fractal_squares_gapless_7
D:14:     layout_rooms, erik_vaults_2, serial_shops, shop, shop_fountains, shop,
          shop, kennysheep_mini, nrook_pool_corridor
D:15:     hangedman_depths_entry_try_elsewhere_first, layout_stronghold,
          chequers_big_river, uniq_agnes
Temple:   dpeg_five_rooms_temple
Lair:1:   layout_hall_layers, st_stairs_13, lemuel_fruit_tree,
          grunt_megastairs_2, lemuel_fruit_fields, uniq_maggie
Lair:2:   layout_chaotic_city, minmay_shoals_entry_lonely_mermaid,
          guppyfry_snake_entry_island, pond, serial_bayou_shore_a
Shoals:1: layout_shoals, serial_shops, shop, abandoned_shop, st_cyclops
Shoals:2: layout_shoals, uniq_polyphemus
Shoals:3: layout_shoals, uniq_louise, uniq_ilsuiw
Shoals:4: shoals_end_simple, layout_shoals, nicolae_shoals_this_corrosion
Snake:1:  layout_chambers, serial_shops, nicolae_shop_stone,
          hangedman_snake_corridor_cut, uniq_aizul
Snake:2:  layout_onion_interference, serial_shops, shop, minmay_shop_star,
          uniq_vashnia
Snake:3:  layout_misc_corridors, uniq_azrael
Snake:4:  johnstein_snake_rune_scales, layout_cave_pods,
          portal_ice_cave_entry_pillars_three, uniq_bai_suzhen
Orc:1:    layout_diamond_mine, uniq_nergalle, uniq_jorgrun
Vaults:1: v_rooms_1, vaults_room_grunt_arrival_ludios, v_rooms_6,
          hangedman_vaults_pinch, nicolae_vaults_meeting, grunt_vaults_diagonal,
          v_misc_25, vaults_dpeg_diagonal, v_alt_pattern_6,
          layout_vaults_chaotic_city, serial_shops, nicolae_shop_waterfront
Vaults:2: ontoclasm_vaults_fault, ontoclasm_vaults_pinch, grunt_vaults_funnel,
          grunt_vaults_focal, minmay_crypt_entry_simple_statues,
          nicolae_vaults_halls_meeting, vaults_standard_mumra_lines,
          vaults_room_ringed_pool, nicolae_vaults_twisting_passages, v_misc_18,
          hangedman_vaults_locks, v_pattern_3, ontoclasm_vaults_twist,
          nicolae_vaults_theta, layout_vaults_omnibox, uniq_sojobo
Vaults:3: v_alt_pattern_1, ontoclasm_vaults_loading_screen,
          grunt_vaults_funneled_arena, vaults_room_corners,
          nicolae_vaults_network_periphery, vaults_mumra_lcd,
          hangedman_vaults_stream, grunt_vaults_hallway_short,
          dpeg_vaults_monster_box, vaults_room_fours,
          nicolae_vaults_little_squares_3, layout_vaults_omnigrid,
          portal_desolation_entry_nicolae_nacl
Vaults:4: hangedman_vaults_maws, v_pattern_4, hangedman_vaults_corner,
          nicolae_vaults_big_ls, hangedman_vaults_stitches,
          nicolae_vaults_minivaults, vaults_mumra_chevron_long,
          nicolae_vaults_mini_display_case, nicolae_vaults_rhombus_7,
          vaults_room_door_ring, vaults_room_pool, layout_vaults_ring,
          nicolae_trove_entry_path_of_doom
Vaults:5

Skill      XL: |  1  2  3  4  5  6  7  8  9 10 11 12 13 14 15 16 17 18 19 |
---------------+----------------------------------------------------------+-----
Fighting       | 3 4 5 6 7 8 9 10 11 12 13 14 15 | 15.7
Dodging        | 1 2 3 4 5 |  5.4
Axes           | 3 4 5 6 8 9 10 11 12 13 14 15 16 17 18 | 18.1
Armour         | 4 5 6 7 8 9 10 11 12 13 | 13.7
Shields        | 4 5 6 8 9 10 12 13 14 15 16 17 | 17.6
Invocations    | 3 5 7 9 11 14 16 18 19 20 21 22 | 22.1

Action                   |  1- 3 |  4- 6 |  7- 9 | 10-12 | 13-15 | 16-18 | 19-21 || total
-------------------------+-------+-------+-------+-------+-------+-------+-------++-------
Melee: War axe           |    88 |   204 |   514 |   318 |       |       |       ||  1124
       Broad axe         |       |       |       |   314 |   918 |   913 |    24 ||  2169
Invok: Lesser Servant of |       |       |       |    10 |     8 |     6 |       ||    24
       Greater Servant o |       |       |       |       |     4 |    12 |     1 ||    17
 Abil: Heal Wounds       |     1 |    12 |    30 |    16 |    13 |    15 |     1 ||    88
Evoke: Wand              |       |       |       |    19 |       |     6 |       ||    25
  Use: Scroll            |       |     7 |     6 |    19 |     8 |    14 |     1 ||    55
       Potion            |       |       |       |     2 |       |       |     1 ||     3
 Stab: Distracted        |       |       |       |     2 |     1 |    10 |       ||    13
       Held in net/web   |       |       |       |     1 |       |     1 |       ||     2
  Eat: Chunk             |       |     3 |     9 |    21 |    15 |    10 |       ||    58
       Ration            |       |       |       |       |     1 |     1 |       ||     2
Armor: Scale mail        |    40 |   106 |    12 |       |       |       |       ||   158
       Chain mail        |       |       |   221 |    35 |       |       |       ||   256
       Plate armour      |       |       |       |   405 |   428 |   359 |       ||  1192
       Gold dragon scale |       |       |       |       |       |    16 |    49 ||    65
Dodge: Dodged            |    34 |    83 |   161 |   150 |   193 |   208 |    11 ||   840
Block: Kite shield       |    64 |   141 |   324 |    49 |       |       |       ||   578
       Tower shield      |       |       |       |   756 |  1073 |  1171 |    68 ||  3068
       Reflection        |       |       |       |    19 |    41 |   114 |     5 ||   179

Table legend:
 A = Non-vault XP
 B = Vault XP
 C = Vault XP percentage of total XP
 D = Non-vault monster count
 E = Vault monster count
 F = Vault count percentage of total count
                 A         B        C        D         E       F
            +---------+---------+-------+---------+---------+-------
      Total |  167748 |  265444 |  61.3 |     630 |     411 |  39.5
            +---------+---------+-------+---------+---------+-------
        D:1 |      20 |       0 |   0.0 |      11 |       0 |   0.0
        D:2 |       3 |       0 |   0.0 |       3 |       0 |   0.0
        D:3 |     142 |       0 |   0.0 |      34 |       0 |   0.0
        D:4 |     331 |       0 |   0.0 |      37 |       0 |   0.0
        D:5 |     277 |     175 |  38.7 |      15 |       1 |   6.2
        D:6 |     795 |     226 |  22.1 |      11 |       2 |  15.4
        D:7 |    1442 |     713 |  33.1 |      35 |       2 |   5.4
        D:8 |     871 |       0 |   0.0 |      23 |       0 |   0.0
        D:9 |    1037 |     888 |  46.1 |      24 |       7 |  22.6
       D:10 |    2285 |     475 |  17.2 |      18 |       4 |  18.2
       D:11 |    1623 |     897 |  35.6 |      23 |       1 |   4.2
       D:12 |    4224 |    4853 |  53.5 |      29 |      10 |  25.6
       D:13 |    5805 |    2325 |  28.6 |      26 |       5 |  16.1
       D:14 |    9297 |    7870 |  45.8 |      34 |       8 |  19.0
       D:15 |   16615 |    5495 |  24.9 |      38 |       5 |  11.6
     Temple |      91 |       0 |   0.0 |       2 |       0 |   0.0
     Lair:1 |    1305 |       0 |   0.0 |       5 |       0 |   0.0
     Lair:2 |    2283 |    1484 |  39.4 |      11 |       7 |  38.9
   Shoals:1 |    4987 |    4289 |  46.2 |      10 |       8 |  44.4
   Shoals:2 |    2274 |       0 |   0.0 |       4 |       0 |   0.0
   Shoals:3 |    8238 |    1541 |  15.8 |      19 |       1 |   5.0
   Shoals:4 |   13576 |   26128 |  65.8 |      35 |      42 |  54.5
    Snake:1 |   10667 |    7090 |  39.9 |      20 |      15 |  42.9
    Snake:3 |   15322 |    1906 |  11.1 |      33 |       5 |  13.2
    Snake:4 |    5687 |   29903 |  84.0 |      12 |      58 |  82.9
      Orc:1 |     305 |    2700 |  89.9 |       7 |       2 |  22.2
   Vaults:1 |   18005 |   20686 |  53.5 |      38 |      25 |  39.7
   Vaults:2 |   15090 |   13264 |  46.8 |      34 |      18 |  34.6
   Vaults:3 |    1653 |       0 |   0.0 |       2 |       0 |   0.0
   Vaults:4 |    6994 |     288 |   4.0 |      10 |       1 |   9.1
   Vaults:5 |   16504 |  120125 |  87.9 |      27 |      91 |  77.1
     Bailey |       0 |    3135 | 100.0 |       0 |      40 | 100.0
      IceCv |       0 |    8988 | 100.0 |       0 |      53 | 100.0
            +---------+---------+-------+---------+---------+-------
